 Dungeon Crawl Stone Soup version 0.31-a0-1068-g5939ac1fb6 (webtiles) character file.

Game seed: 160778165559398999

32 Colgate the Shooter (level 2, -5/24 HPs)
             Began as a Demigod Hunter on Nov 23, 2023.
             Slain by a goblin
             ... wielding a +0 club
             ... led by Robin
              (6 damage)
             ... on level 2 of the Dungeon.
             The game lasted 00:00:56 (916 turns).

Colgate the Shooter (Demigod Hunter)                 Turns: 916, Time: 00:00:57

Health: -5/24      AC:  4    Str: 12    XL:     2   Next: 96%
Magic:  4/4        EV: 12    Int: 11    God:
Gold:   75         SH:  0    Dex: 17    Spells: 1/1 levels left

rFire   . . .        a - +0 shortbow
rCold   . . .        (shield currently unavailable)
rNeg    . . .        c - +0 leather armour
rPois   .            f - +0 helmet
rElec   .            (no cloak)
rCorr   .            (no gloves)
SInv    .            (no boots)
Will    .....        (no amulet)
Stlth   ++           (no ring)
HPRegen 0.24/turn    (no ring)
MPRegen 0.09/turn

%: no passive effects
@: weak-willed
A: high MP 1, forlorn, divine attributes
a: no special abilities


You were on level 2 of the Dungeon.
You visited 1 branch of the dungeon, and saw 2 of its levels.

You collected 75 gold pieces.

Inventory:

Hand Weapons
 a - a +0 shortbow (weapon)
Armour
 c - a +0 leather armour (worn)
 f - a +0 helmet (worn)
Scrolls
 b - a scroll of butterflies


   Skills:
 - Level 1.7 Fighting
 + Level 4.6 Ranged Weapons
 - Level 1.7 Dodging
 - Level 0.8 Stealth


You had one spell level left.
You didn't know any spells.
Your spell library was empty.

Dungeon Overview and Level Annotations

Branches:
Dungeon (2/15)

Annotations:
D:2 Robin


Innate Abilities, Weirdness & Mutations

You have an increased reservoir of magic. (+10% MP)
You shall have no god before yourself.
Your divine heritage dramatically boosts your attributes as you level up.


Message History

You are too injured to fight recklessly!
There are monsters nearby!
Unknown command.
Okay, then.
Unknown command.
Unknown command.
Okay, then.
You aren't carrying any potions.
Unknown command.
As you read the scroll labelled XOOLOZ MECZIWK, it crumbles to dust.
Magic quickly surges around you.
It was a scroll of vulnerability.
The goblin hits you with a +0 club. The hobgoblin closely misses you.
Robin hits you with a +0 club.
As you read the scroll labelled BOZODOATZO, it dissolves into smoke.
It was a scroll of fog.
The hobgoblin hits you.
* * * LOW HITPOINT WARNING * * *
Robin misses you. The goblin closely misses you.
Fire: a) +0 shortbow
Press: ? - help, Q - select action Shift-Dir - straight line, f - goblin, p - Robin
Aim: a goblin, wielding a +0 club (grey smoke, strong, weak-willed, 55% to hit)
You shoot an arrow. The arrow closely misses the goblin.
The goblin hits you with a +0 club.
* * * LOW HITPOINT WARNING * * *
The hobgoblin barely misses you. Robin hits you with a +0 club.
* * * LOW HITPOINT WARNING * * *
Fire: a) +0 shortbow
Press: ? - help, Q - select action Shift-Dir - straight line, f/p - goblin
Aim: a goblin, wielding a +0 club (grey smoke, strong, weak-willed, 55% to hit)
You shoot an arrow. The arrow hits the goblin.
The goblin hits you with a +0 club.
* * * LOW HITPOINT WARNING * * *
The hobgoblin misses you. Robin barely misses you.
The hobgoblin hits you but does no damage.
The goblin barely misses you. Robin hits you but does no damage.
Fire: a) +0 shortbow
Press: ? - help, Q - select action Shift-Dir - straight line, f/p - goblin
Aim: a goblin, wielding a +0 club (grey smoke, severely wounded, strong, weak-willed, 55% to hit)
You shoot an arrow. The arrow closely misses the goblin.
The goblin hits you with a +0 club.
You die... #.# #..# #.# #..# #.# #..# #.. #..# ### #..# #..# ##### #..# #ggg#

#..# #@#
#..# #g#
#..# #ยง#
#..#
#.#####..#
#........#
#.#####..#
#.# #.##
#.# #.#
#.# #.#


You could see Robin (weak-willed), a hobgoblin (strong, weak-willed) and 2
goblins.

Vanquished Creatures
  2 endoplasms (D:1)
  2 giant cockroaches (D:1)
  3 hobgoblins
  A quokka (D:1)
  4 bats
  4 frilled lizards (D:1)
  8 goblins
  3 kobolds (D:1)
  2 rats (D:1)
29 creatures vanquished.

Notes
Turn   | Place    | Note
-------+----------+-------------------------------------------
     0 | D:1      | Colgate the Demigod Hunter began the quest for the Orb.
     0 | D:1      | Reached XP level 1. HP: 17/17 MP: 3/3
   174 | D:1      | Reached skill level 4 in Ranged Weapons
   223 | D:1      | Reached XP level 2. HP: 24/24 MP: 4/4
   906 | D:2      | Noticed Robin
   915 | D:2      | HP: 1/24 [goblin/+0 club[Robin] (2)]
   916 | D:2      | Slain by a goblin

Illustrated notes

Levels and vault maps discovered:
D:1:      shiori_arrival_elements, layout_loops_ring,
          chequers_serial_rivers_micro_e
D:2:      cheibrodos_helix_gallery, layout_basic, serial_shops, shop,
          dilly_ecumenical_altar_fadedgnrine, roderic_lattice_a,
          uniq_crazy_yiuf_cottage, uniq_jessica, uniq_robin

Skill      XL: |  1 |
---------------+----+-----
Ranged Weapons | 4 |  4.6
Fighting       | |  1.7
Dodging        | |  1.7
Stealth        | |  0.8

Action                     || total
---------------------------++-------
   Fire: Shortbow          ||    79
    Use: Scroll            ||     2
 Armour: Leather armour    ||    24
  Dodge: Dodged            ||    15

Table legend: (Time is in decaauts)
 A = Elapsed time spent in this place.
 B = Non-inter-level travel time spent in this place.
 C = Inter-level travel time spent in this place.
 D = Time resting spent in this place.
 E = Time spent auto-exploring this place.
 F = Levels seen in this place.
 G = Mean time per level.
                   A        B        C        D        E       F      G
               +--------+--------+--------+--------+--------+-----+--------+
         Total |    934 |    888 |     46 |      0 |    739 |   2 |  467.0 |
       Dungeon |    934 |    888 |     46 |      0 |    739 |   2 |  467.0 |
               +--------+--------+--------+--------+--------+-----+--------+

Top non-repeatable levels by time:
     D:1: 838 daAuts
     D:2: 95 daAuts
